 Dungeon Crawl Stone Soup version 0.32-a0-468-g38b2580584 (webtiles) character file.

Game seed: 10964014491931858485

273 shadowstone the Firebug (level 6, 0/47 HPs)
             Began as a Draconian Fire Elementalist on Feb 24, 2024.
             Was a Believer of Sif Muna.
             Succumbed to a water moccasin's poison
             ... on level 3 of the Dungeon.
             The game lasted 00:08:11 (3920 turns).

shadowstone the Firebug (DrFE)                      Turns: 3920, Time: 00:08:12

Health: 0/47       AC: 14    Str: 11    XL:     6   Next: 2%
Magic:  7/10       EV: 12    Int: 17    God:    Sif Muna [**....]
Gold:   119        SH:  0    Dex: 11    Spells: 8/11 levels left

rFire   . . .        q - +2 mace (protect)
rCold   . . .        (no shield)
rNeg    . . .        (body armour unavailable)
rPois   .            (helmet restricted)
rElec   .            (no cloak)
rCorr   .            f - +0 pair of gloves
SInv    .            (no boots)
Will    .....        (no amulet)
Stlth   ++           (no ring)
HPRegen 0.27/turn    (no ring)
MPRegen 0.12/turn

%: no passive effects
@: lethally poisoned (0 -> -1), under a protective aura
A: AC +6, unfitting armour, cold-blooded
a: Renounce Religion, Channel Magic


You were on level 3 of the Dungeon.
You worshipped Sif Muna.
Sif Muna was pleased with you.
You visited 1 branch of the dungeon, and saw 3 of its levels.

You collected 119 gold pieces.

Inventory:

Hand Weapons
 d - a +2 dagger of freezing
 q - a +2 mace of protection (weapon)
Missiles
 m - a throwing net
 o - 5 atropa-tipped darts
Armour
 f - a +0 pair of gloves (worn)
Jewellery
 k - a ring of magical power
 t - an amulet of guardian spirit
Scrolls
 b - 2 scrolls of enchant weapon {unknown}
 c - 4 scrolls of identify {unknown}
 e - a scroll of vulnerability {unknown}
 i - a scroll of immolation {unknown}
 j - a scroll of teleportation {unknown}
 p - a scroll of fog {unknown}
 s - a scroll of revelation {unknown}
Potions
 a - a potion of magic
 g - a potion of curing {unknown}
 h - a potion of might {unknown}
 l - 3 potions of lignification {unknown}
 n - a potion of resistance {unknown}
 r - a potion of mutation {unknown}


   Skills:
 + Level 1.2 Fighting
 + Level 1.8 Short Blades
 + Level 1.0 Maces & Flails
 + Level 3.0 Dodging
 + Level 2.3 Stealth
 + Level 0.1 Unarmed Combat
 + Level 3.0 Spellcasting
 + Level 1.0 Conjurations
 + Level 4.4 Fire Magic


You had 8 spell levels left.
You knew the following spells:

 Your Spells              Type           Power      Damage    Failure   Level
a - Foxfire               Conj/Fire      44%        2x1d6     5%          1
b - Scorch                Fire           34%        2d6       4%          2

Your spell library contained the following spells:

 Spells                   Type           Power      Damage    Failure   Level
 Inner Flame              Hex/Fire       10%        N/A       22%         3
 Volatile Blastmotes      Fire/Tloc      20%        2d11      22%         3
 Flame Wave               Conj/Fire      11%        2d6       50%         4


Dungeon Overview and Level Annotations

Branches:
Dungeon (3/15)

Altars:
Sif Muna

Shops:
D:3 :(


Innate Abilities, Weirdness & Mutations

Your plain brown scales are hard. (AC +6)
You cannot fit into any form of body armour.
You are cold-blooded and may be slowed by cold attacks.


Message History

Your Maces & Flails skill increases to level 1!
Your Dodging skill increases to level 3!
Your Spellcasting skill increases to level 3!
You have reached level 6!
Your scales feel tougher.
You hit the kobold.
You kill the kobold!
Sif Muna accepts your kill.
* * * LOW HITPOINT WARNING * * *
You feel very sick. The adder closely misses you. x2
* * * LOW HITPOINT WARNING * * *
You feel sick. The adder barely misses you.
Things that are here:
a +0 club; a kobold corpse Unknown command.
Found 11 gold pieces.
* * * LOW HITPOINT WARNING * * *
You feel sick.
The adder bites you but does no damage. x2
* * * LOW HITPOINT WARNING * * *
You feel sick. The adder bites you but does no damage.
Things that are here:
a +0 club; a kobold corpse You hit the adder.
The adder is moderately wounded.
* * * LOW HITPOINT WARNING * * *
You feel sick. The adder barely misses you. x2
You closely miss the adder.
The adder is moderately wounded.
* * * LOW HITPOINT WARNING * * *
You feel sick. The adder closely misses you.
You sock the adder!
Your tail-slap misses the adder.
The adder is almost dead.
* * * LOW HITPOINT WARNING * * *
You feel sick. The adder closely misses you.
The adder bites you but does no damage.
You hit the adder.
You kill the adder!
Sif Muna accepts your kill.
You die...

....# ###########.# ..#
....# #.##..# #####
#########.#... <######
............. ......+
.........).# # ..#####
...........#.#
..#####.....$.........#
........# ######....#
..#########....†@#.##
..# #....##......# #
..####.......###†#
..##.....###.# #.#
##...#.....#<....#
...####....#.#####
...........#..
#######....### .....
#....#


There were no monsters in sight!

Vanquished Creatures
  A water moccasin (D:3)
  Jessica (D:2)
  Robin (D:3)
  3 gnolls (D:2)
  2 adders (D:3)
  4 dart slugs
  2 ribbon worms (D:2)
  An orc (D:3)
  6 ball pythons
  4 bats
  8 endoplasms
  6 giant cockroaches
  9 goblins
  9 hobgoblins
  3 jackals (D:2)
  A quokka (D:2)
  2 frilled lizards (D:2)
  3 kobolds
  7 rats
73 creatures vanquished.

Vanquished Creatures (others)
  5 foxfires (D:1)
5 creatures vanquished.

Grand Total: 78 creatures vanquished

Notes
Turn   | Place    | Note
-------+----------+-------------------------------------------
     0 | D:1      | shadowstone the Draconian Fire Elementalist began the quest
                  | for the Orb.
     0 | D:1      | Reached XP level 1. HP: 14/14 MP: 3/3
    85 | D:1      | Reached XP level 2. HP: 20/20 MP: 3/5
   542 | D:1      | Reached XP level 3. HP: 26/26 MP: 6/6
   545 | D:1      | Learned a level 2 spell: Scorch
   967 | D:2      | Found a faded altar of an unknown god.
   977 | D:2      | Prayed at the altar of an unknown god.
   977 | D:2      | Became a worshipper of Sif Muna the Loreminder
   977 | D:2      | Reached * piety under Sif Muna
   997 | D:2      | Noticed Jessica
  1004 | D:2      | Killed Jessica
  1074 | D:2      | Reached XP level 4. HP: 34/34 MP: 0/7
  1109 | D:2      | Reached skill level 1 in Short Blades
  2128 | D:2      | Reached skill level 4 in Fire Magic
  2938 | D:3      | Found Ugannagi's Book Boutique.
  3221 | D:3      | Reached XP level 5. HP: 39/39 MP: 7/9
  3240 | D:3      | Noticed Robin
  3252 | D:3      | Reached ** piety under Sif Muna
  3260 | D:3      | Killed Robin
  3498 | D:3      | Found Peuntaf's Weapon Boutique.
  3901 | D:3      | Noticed a water moccasin
  3912 | D:3      | Killed a water moccasin
  3913 | D:3      | Reached skill level 1 in Fighting
  3913 | D:3      | Reached skill level 1 in Maces & Flails
  3913 | D:3      | Reached XP level 6. HP: 11/47 MP: 6/10
  3917 | D:3      | HP: 2/47 [poisoned by a water moccasin]
  3920 | D:3      | Succumbed to a water moccasin's poison

Illustrated notes

Levels and vault maps discovered:
D:1:      dpeg_arrival_rhombus, layout_basic, minmay_misc_feat_room,
          minmay_heptomino_l4
D:2:      layout_basic, dilly_ecumenical_altar_fadedgnrine,
          grunt_decor_arrowhead, uniq_jessica
D:3:      layout_basic, serial_shops, nicolae_shop_getting_attention, shop,
          minmay_hedge_maze, uniq_robin

Skill      XL: |  1  2  3  4  5 |
---------------+----------------+-----
Dodging        | 2 3 |  3.0
Stealth        | 2 |  2.3
Short Blades   | 1 |  1.8
Fire Magic     | 4 |  4.4
Fighting       | 1 |  1.2
Maces & Flails | 1 |  1.0
Spellcasting   | 3 |  3.0
Unarmed Combat | |  0.1
Conjurations   | |  1.0

Action                     |  1- 3 |  4- 6 || total
---------------------------+-------+-------++-------
  Melee: Unarmed           |     5 |       ||     5
         Dagger            |    51 |   481 ||   532
         Tailslap          |     7 |   130 ||   137
         Mace              |       |    23 ||    23
   Cast: Foxfire           |     5 |       ||     5
         Scorch            |     8 |    29 ||    37
   Stab: Sleeping          |     1 |     1 ||     2
 Armour: Skin              |    31 |   147 ||   178
  Dodge: Dodged            |    52 |   133 ||   185

Table legend: (Time is in decaauts)
 A = Elapsed time spent in this place.
 B = Non-inter-level travel time spent in this place.
 C = Inter-level travel time spent in this place.
 D = Time resting spent in this place.
 E = Time spent auto-exploring this place.
 F = Levels seen in this place.
 G = Mean time per level.
                   A        B        C        D        E       F      G
               +--------+--------+--------+--------+--------+-----+--------+
         Total |   3891 |   3880 |     11 |    925 |   1179 |   3 | 1297.0 |
       Dungeon |   3891 |   3880 |     11 |    925 |   1179 |   3 | 1297.0 |
               +--------+--------+--------+--------+--------+-----+--------+

Top non-repeatable levels by time:
     D:2: 1736 daAuts
     D:3: 1423 daAuts
     D:1: 731 daAuts
